 Dungeon Crawl Stone Soup version 0.31-a0-564-g3b7de120b3 (webtiles) character file.

Game seed: 3514601478408686425

53 Rohain the Ruffian (level 3, 0/27 HPs)
             Began as a Demonspawn Shapeshifter on Aug 17, 2023.
             Slain by an orc wizard
             ... wielding a +0 dagger
              (1 damage)
             ... on level 2 of the Dungeon.
             The game lasted 00:02:18 (1784 turns).

Rohain the Ruffian (Demonspawn Shapeshifter)        Turns: 1784, Time: 00:02:19

Health: 0/27       AC:  2    Str: 14 (17) XL:     3   Next: 64%
Magic:  3/3        EV: 12    Int:  8 (9)  God:
Gold:   119        SH:  0    Dex: 10 (13) Spells: 2/2 levels left

rFire   . .          .
                       - Unarmed
rCold   . . .        (no shield)
rNeg    . . .        a - +0 animal skin
rPois   .            (helmet currently unavailable)
rElec   .            (cloak currently unavailable)
rCorr   .            (gloves currently unavailable)
SInv    .            (boots currently unavailable)
Will    .....        (no amulet)
Stlth   +            (no ring)
HPRegen 0.24/turn    (no ring)
MPRegen 0.08/turn

%: no passive effects
@: confused, brilliant, beast-form
A: beast (slay +2), foul stench 1
a: Begin Untransformation


You were on level 2 of the Dungeon.
You were a hulking beast.
You visited 1 branch of the dungeon, and saw 3 of its levels.

You collected 119 gold pieces.

Inventory:

Armour
 a - a +0 animal skin (worn)
 j - a scarf of shadows
Talismans
 c - a beast talisman (active)
 d - a flux talisman
Scrolls
 f - a scroll of silence
 g - 2 scrolls of blinking
 i - a scroll of identify
Potions
 b - a potion of lignification
 e - a potion of degeneration
 l - a potion of ambrosia {unknown}
 m - a potion of curing {unknown}
 n - a potion of heal wounds {unknown}
 p - a potion of resistance {unknown}


   Skills:
 + Level 1.9 Fighting
 + Level 2.3 Dodging
 + Level 3.1 Unarmed Combat
 + Level 3.0 Shapeshifting


You had 2 spell levels left.
You didn't know any spells.
Your spell library was empty.

Dungeon Overview and Level Annotations

Branches:
Dungeon (3/15)

Altars:


Innate Abilities, Weirdness & Mutations

You are a hulking beast.
Your limbs bulge with bestial killing power. (Slay +2)
You may rarely emit foul miasma when damaged in melee.


Message History

You punch the orc!
You kill the orc!
Something hits you.
You see here a +0 hand axe.
You hit something but do no damage.
You hear some strange, mumbled words.
Something tries to affect you, but you resist.
You miss something. Something hits you.
You closely miss something.
You hear some strange, mumbled words.
You are confused.
You're too confused to move!
Something hits you.
You miss something. Something hits you.
* * * LOW HITPOINT WARNING * * *
You bump into the rock wall.
Something hits you.
* * * LOW HITPOINT WARNING * * *
You bump into the rock wall.
Something completely misses you.
You miss something. Something hits you.
* * * LOW HITPOINT WARNING * * *
You're too confused to move!
You hear some strange, mumbled words.
You are more confused.
You're too confused to move!
Something hits you but does no damage.
You barely miss something. Something hits you.
* * * LOW HITPOINT WARNING * * *
You bump into the rock wall.
You hear some strange, mumbled words.
You are more confused.
You bump into the rock wall.
Something hits you.
* * * LOW HITPOINT WARNING * * *
You're too confused to attack without stumbling around!
It was a potion of degeneration.
There was something very wrong with that liquid.
You feel weakened.
You feel dopey.
You feel clumsy. Something hits you.
* * * LOW HITPOINT WARNING * * *
It was a potion of brilliance.
You feel clever all of a sudden. Something hits you.
You die...

##..##### #..##
### ###.## #..
#####...##### #..
#.....###...####..
#>................
#.#######......#..
#{# #......#.. #h#
##.....#..
##.##### #.....##.
#######.....>#
#.....##.
#....##......#
#.....##.
#....##......#
#........
#....##......#
######....
#....'...#####
#.........
####..†.#####
####......†..
#.......#
#............


There were no monsters in sight!

Vanquished Creatures
  3 dart slugs
  An orc (D:2)
  3 endoplasms (D:1)
  4 giant cockroaches (D:1)
  7 hobgoblins
  3 quokkas
  6 ball pythons
  2 bats (D:2)
  2 frilled lizards (D:1)
  4 goblins
  3 kobolds (D:1)
  3 rats
41 creatures vanquished.

Notes
Turn   | Place    | Note
-------+----------+-------------------------------------------
     0 | D:1      | Rohain the Demonspawn Shapeshifter began the quest for the
                  | Orb.
     0 | D:1      | Reached XP level 1. HP: 15/15 MP: 1/1
    89 | D:1      | Gained mutation: You may rarely emit foul miasma when
                  | damaged in melee. [demonic ancestry]
    89 | D:1      | Reached XP level 2. HP: 11/21 MP: 2/2
   535 | D:1      | Reached XP level 3. HP: 26/26 MP: 3/3
  1783 | D:2      | HP: 1/27 [something (2)]
  1784 | D:2      | Slain by an orc wizard

Illustrated notes

Levels and vault maps discovered:
D:1:      minmay_arrival_wavy_path, layout_loops_ring, minmay_tromino_i4
D:2:      layout_basic
D:3:      layout_rooms, cheibriados_altar_1, shapermc_ecumenical_altar_acropolis

Skill      XL: |  1  2  3 |
---------------+----------+-----
Dodging        | 2 |  2.3
Unarmed Combat | 3 |  3.1
Shapeshifting  | 3 |  3.0
Fighting       | |  1.9

Action                     || total
---------------------------++-------
  Melee: Unarmed           ||   106
         Punch             ||     3
    Use: Scroll            ||     7
         Potion            ||     2
   Stab: Sleeping          ||     1
 Armour: Animal skin       ||    15
  Dodge: Dodged            ||    62

Table legend: (Time is in decaauts)
 A = Elapsed time spent in this place.
 B = Non-inter-level travel time spent in this place.
 C = Inter-level travel time spent in this place.
 D = Time resting spent in this place.
 E = Time spent auto-exploring this place.
 F = Levels seen in this place.
 G = Mean time per level.
                   A        B        C        D        E       F      G
               +--------+--------+--------+--------+--------+-----+--------+
         Total |   1778 |   1660 |    118 |     74 |   1291 |   3 |  592.7 |
       Dungeon |   1778 |   1660 |    118 |     74 |   1291 |   3 |  592.7 |
               +--------+--------+--------+--------+--------+-----+--------+

Top non-repeatable levels by time:
     D:1: 947 daAuts
     D:2: 829 daAuts
     D:3: 1 daAuts
